 Dungeon Crawl Stone Soup version 0.30.0-18-gc0e69614cb (webtiles) character file.

Game seed: 4741712279614618650

1853 jagang the Firebug (level 8, -4/56 HPs)
             Began as a Demonspawn Fire Elementalist on May 25, 2023.
             Was an Initiate of Sif Muna.
             Slain by a small abomination (10 damage)
             ... on level 6 of the Dungeon.
             The game lasted 00:38:00 (6761 turns).

jagang the Firebug (Demonspawn Fire Elementalist)   Turns: 6761, Time: 00:38:01

Health: -4/56      AC: 11    Str:  8    XL:     8   Next: 89%
Magic:  0/15       EV: 17    Int: 20    God:    Sif Muna [......]
Gold:   395        SH:  6    Dex: 13    Spells: 14/17 levels left

rFire   . . .        l - +4 falchion (freeze)
rCold   . . .        n - +2 buckler
rNeg    + . .        r - +2 robe {rN+}
rPois   .            k - +0 helmet
rElec   .            p - scarf {shadows}
rCorr   .            (no gloves)
SInv    .            (no boots)
Will    .....        (no amulet)
Stlth   ++           c - +4 ring of protection
HPRegen 0.29/turn    h - +5 ring of evasion
MPRegen 0.28/turn

%: guardian spirit
@: no status effects
A: icy blue scales 1, powered by death 1, magic shield, magic regeneration,
weakness stinger 1
a: Renounce Religion


You were on level 6 of the Dungeon.
You worshipped Sif Muna.
Sif Muna was noncommittal.
You visited 2 branches of the dungeon, and saw 7 of its levels.
You also visited: Sewer.

You collected 395 gold pieces.

Inventory:

Hand Weapons
 l - a +4 falchion of freezing (weapon)
 o - a +1 dagger of venom
 z - a +1 dagger of speed
Armour
 k - a +0 helmet (worn)
 n - a +2 buckler (worn)
 p - a scarf of shadows (worn)
 q - a +1 leather armour of cold resistance
 r - a +2 robe of positive energy (worn)
Jewellery
 c - a +4 ring of protection (left hand)
 h - a +5 ring of evasion (right hand)
Wands
 y - a wand of roots (10)
Scrolls
 e - a scroll of fear {unknown}
 g - a scroll of amnesia {unknown}
 m - a scroll of silence
 B - 2 scrolls of magic mapping
Potions
 a - a potion of berserk rage
 b - a potion of magic
 f - a potion of ambrosia {unknown}
 v - 2 potions of flight


   Skills:
 + Level 2.2 Fighting
 + Level 3.0 Armour
 + Level 3.9 Dodging
 - Level 1.7 Stealth
 - Level 2.0 Shields
 * Level 5.3 Spellcasting
 * Level 5.5 Conjurations
 * Level 5.6 Fire Magic


You had 14 spell levels left.
You knew the following spells:

 Your Spells              Type           Power      Damage    Failure   Level
a - Foxfire               Conj/Fire      100%       2x1d9     1%          1
b - Scorch                Fire           54%        2d7       2%          2

Your spell library contained the following spells:

 Spells                   Type           Power      Damage    Failure   Level
 Magic Dart               Conj           100%       1d8       1%          1
 Inner Flame              Hex/Fire       16%        N/A       17%         3
 Volatile Blastmotes      Fire/Tloc      32%        2d12      17%         3
 Flame Wave               Conj/Fire      27%        2d9       17%         4
 Mephitic Cloud           Conj/Pois/Air  12%        N/A       24%         3
 Call Imp                 Summ           10%        N/A       26%         2
 Passage of Golubria      Tloc           5%         N/A       87%         4
 Silence                  Hex/Air        2%         N/A       99%         5
 Lehudib's Crystal Spear  Conj/Erth      8%         10d3      100%        8


Dungeon Overview and Level Annotations

Branches:
Dungeon (6/15)             Temple (1/1) D:6           Sewer (visited)

Altars:
Ashenzari
Cheibriados
Dithmenos
Gozag
Hepliaklqana
Kikubaaqudgha
Makhleb
Nemelex Xobeh
Okawaru
Qazlal
Ru
Sif Muna
Trog
Uskayaw
Vehumet
Wu Jian
Xom
Yredelemnul

Shops:
D:6 [

Portals:
Abyss: D:6

Annotations:
D:5 PerfectTommy's ghost, novice MiFi
D:6 1 transporter, JanusIIV's ghost, novice DEHu


Innate Abilities, Weirdness & Mutations

You are partially covered in icy blue scales. (AC +2)
You regenerate a little health from kills.
When hurt, damage is shared between your health and your magic reserves.
You regenerate magic rapidly.
You have a small tail.


Message History

You hit the small abomination. You freeze the small abomination.
You destroy the small abomination!
Sif Muna accepts your kill. The small abomination hits you.
Your Armour skill increases to level 3!
You hit the small abomination. You freeze the small abomination.
Your tail-slap misses the small abomination.
The small abomination is moderately damaged.
The small abomination hits you!
The small abomination closely misses you.
You barely miss the small abomination.
The small abomination is moderately damaged.
The raiju is no longer more vulnerable to fire.
The small abomination completely misses you.
You block the small abomination's attack.
You barely miss the small abomination.
The small abomination is moderately damaged.
The small abomination misses you.
The small abomination barely misses you.
Casting: Scorch (safe; 2% risk of failure)
Confirm with . or Enter, or press ? or * to list all spells.
Flames lash the kobold brigand.
The kobold brigand is burned terribly!
The kobold brigand is almost dead.
The small abomination hits you!
You hit the small abomination but do no damage.
You tail-slap the small abomination.
The small abomination is lightly damaged.
You block the small abomination's attack. x2
The small abomination hits you!
* * * LOW HITPOINT WARNING * * *
You hit the small abomination. You freeze the small abomination.
The small abomination is moderately damaged.
The small abomination closely misses you.
The small abomination barely misses you.
The small abomination hits you.
* * * LOW HITPOINT WARNING * * *
You slash the small abomination! You freeze the small abomination.
The small abomination is severely damaged.
The small abomination hits you!
You die...

.# #..#.#.# #...# .^# ###.#.##..
.###..#.#.###...##....##.#...##..
........#[.......##.^$#..##?##...
#######.####......#...##..###....
#...#.......#.####.........
#.........###..#.##........
###.#.......#Kh#... #####....
#..<.......##x# ### .#####...
#.##.##+..©#@# ##.# ....K#..)
#.#.....#..##x##..###.####...
#.#######...###....####...... #.#
#................)... #.#
#...............).... #.#####
###........#.#.....## #.....#
#........#.#.#####
#####.#####........#.#.######
#..........#'###.........


You could see a raiju, a kobold brigand (combustible) and 2 small abominations.

Vanquished Creatures
  A small abomination (D:6)
  A sky beast (D:6)
  An ogre (D:4)
  2 kobold brigands
  4 scorpions
  9 wights (D:6)
  An orc priest (D:4)
  4 hounds
  2 jellies
  3 iguanas
  5 sleepcaps
  2 orc wizards (D:6)
  6 adders
  2 gnolls (D:5)
  2 river rats (Sewer)
  4 shadow imps
  A white imp (D:6)
  3 dart slugs
  12 orcs
  5 endoplasms
  3 giant cockroaches
  5 goblins
  4 hobgoblins
  6 jackals
  17 kobolds
  5 quokkas
  11 ball pythons
  3 bats
  A frilled lizard (D:2)
  9 rats
134 creatures vanquished.

Vanquished Creatures (collateral kills)
  36 foxfires
36 creatures vanquished.

Vanquished Creatures (others)
  668 foxfires
668 creatures vanquished.

Grand Total: 838 creatures vanquished

Notes
Turn   | Place    | Note
-------+----------+-------------------------------------------
     0 | D:1      | jagang the Demonspawn Fire Elementalist began the quest for
                  | the Orb.
     0 | D:1      | Reached XP level 1. HP: 13/13 MP: 3/3
   323 | D:1      | Gained mutation: You regenerate a little health from kills.
                  | [demonic ancestry]
   323 | D:1      | Reached XP level 2. HP: 15/19 MP: 0/5
  1234 | D:2      | Gained mutation: You regenerate magic rapidly. [demonic
                  | ancestry]
  1234 | D:2      | Reached XP level 3. HP: 24/24 MP: 1/6
  2394 | D:3      | Gained mutation: You are partially covered in icy blue
                  | scales. (AC +2) [demonic ancestry]
  2394 | D:3      | Reached XP level 4. HP: 30/30 MP: 7/7
  2727 | D:3      | Found a faded altar of an unknown god.
  2730 | D:3      | Found a stormy altar of Qazlal.
  2825 | D:3      | Reached skill level 1 in Shields
  2825 | D:3      | Reached XP level 5. HP: 23/35 MP: 0/9
  2941 | D:4      | Noticed an ogre
  2953 | D:4      | Killed an ogre
  2954 | D:4      | Reached skill level 1 in Armour
  2973 | D:4      | Found a transporter.
  2996 | D:4      | Found a glowing drain.
  3018 | Sewer    | Entered a sewer
  3037 | Sewer    | Gained mutation: When hurt, damage is shared between your
                  | health and your magic reserves. [demonic ancestry]
  3037 | Sewer    | Reached XP level 6. HP: 40/41 MP: 7/10
  3373 | D:4      | Found a transporter.
  3860 | D:4      | Gained mutation: You have a small tail. [demonic ancestry]
  3860 | D:4      | Reached XP level 7. HP: 46/46 MP: 8/12
  4090 | D:5      | Entered Level 5 of the Dungeon
  4466 | D:5      | Identified the +9 trident "Feseklor" {venom, Int+5}
  4524 | D:5      | Found a transporter.
  4529 | D:5      | Found a transporter.
  4542 | D:5      | Noticed PerfectTommy's ghost (novice MiFi)
  4566 | D:5      | Identified the +7 chain mail of the Poles {Harm *Corrode
                  | rC+ Will+}
  4961 | D:6      | Noticed a small abomination
  5006 | D:6      | Found a transporter.
  5010 | D:6      | Found a transporter.
  5024 | D:6      | Noticed a raiju
  5094 | D:6      | Found Omomab's Armour Shop.
  5129 | D:6      | Found a staircase to the Ecumenical Temple.
  5134 | Temple   | Entered the Ecumenical Temple
  5443 | Temple   | Became a worshipper of Sif Muna the Loreminder
  5558 | D:6      | Reached skill level 1 in Fighting
  5558 | D:6      | Reached XP level 8. HP: 52/54 MP: 0/14
  5697 | D:6      | Noticed JanusIIV's ghost (novice DEHu)
  5733 | D:6      | Reached skill level 5 in Fire Magic
  5906 | D:6      | Reached skill level 5 in Conjurations
  5964 | D:6      | Found a radiant altar of Vehumet.
  5995 | D:6      | Reached skill level 5 in Spellcasting
  6132 | D:6      | Learned a level 2 spell: Scorch
  6510 | D:5      | Reached * piety under Sif Muna
  6738 | D:6      | Found a one-way gate to the infinite horrors of the Abyss.
  6761 | D:6      | Slain by a small abomination

Illustrated notes

Levels and vault maps discovered:
D:1:      dpeg_arrival_refuge, layout_rooms
D:2:      layout_loops_corners, hangedman_decor_riveting, dk_noncrumbling_3,
          minmay_pentomino_t4
D:3:      layout_loops_cross, nicolae_overflow_ecumenical_swirl, hellmonk_no_cap
D:4:      gammafunk_wand_slinger, layout_rooms, portal_sewer_entry_f,
          kennysheep_windowed_goal
D:5:      layout_basic, gammafunk_ghost_gnarly_gnolls, serial_bayou_lagoon_b
D:6:      layout_basic, nicolae_vehumet_radiance, temple_doors_ab, serial_shops,
          shop_fountains, gammafunk_ghost_abyssal_escape
Temple:   nicolae_temple_bog_church

Skill      XL: |  1  2  3  4  5  6  7  8 |
---------------+-------------------------+-----
Dodging        | 2 3 |  3.9
Conjurations   | 2 3 4 5 |  5.5
Fire Magic     | 3 4 5 |  5.6
Shields        | 1 2 |  2.0
Armour         | 1 2 3 |  3.0
Spellcasting   | 3 4 5 |  5.3
Fighting       | 1 2 |  2.2
Stealth        | |  1.7

Action                     |  1- 3 |  4- 6 |  7- 9 || total
---------------------------+-------+-------+-------++-------
  Melee: Short sword       |     4 |       |       ||     4
         Dagger            |    15 |    50 |    34 ||    99
         Tailslap          |       |       |    12 ||    12
         Falchion          |       |       |    21 ||    21
   Cast: Foxfire           |   111 |   110 |   216 ||   437
         Scorch            |       |       |    20 ||    20
  Evoke: Wand              |       |       |     1 ||     1
    Use: Scroll            |       |     9 |     6 ||    15
         Potion            |       |       |     6 ||     6
   Stab: Sleeping          |     2 |       |       ||     2
 Armour: Robe              |     4 |       |    12 ||    16
         Leather armour    |     1 |    22 |    21 ||    44
  Dodge: Dodged            |    18 |    78 |   105 ||   201
  Block: Buckler           |     2 |     9 |    26 ||    37
